 Dungeon Crawl Stone Soup version 0.19.1-1-g22dce08 (webtiles) character file.

67 esteth the Sneak (level 4, -1/30 HPs)
             Began as a Vampire Enchanter on Jan 8, 2017.
             Killed from afar by Natasha (8 damage)
             ... with a magic dart
             ... on level 2 of the Dungeon.
             The game lasted 00:02:55 (1322 turns).

esteth the Sneak (Vampire Enchanter)                Turns: 1322, Time: 00:02:55

Health: -1/30      AC:  0    Str:  7    XL:     4   Next: 0%
Magic:  4/7        EV: 20    Int: 18    God:
Gold:   49         SH:  0    Dex: 19    Spells: 2 memorised, 4 levels left

rFire  . . .     SeeInvis +     (weapon currently unavailable)
rCold  + . .     Gourm    .     (armour currently unavailable)
rNeg   + + .     Faith    .     (shield currently unavailable)
rPois  +         Spirit   .     (helmet currently unavailable)
rElec  .         Reflect  .     (cloak currently unavailable)
rCorr  .         Harm     .     (gloves currently unavailable)
MR     .....                    (boots currently unavailable)
Stlth  ++++++....               (no amulet)
                                (ring currently unavailable)
                                (ring currently unavailable)

@: bat-form, flying, regenerating slowly, very quick
A: fangs 3, see invisible, (unbreathing)
a: End Transformation


You were on level 2 of the Dungeon.
You were thirsty.
You were in vampire-bat-form.
You visited 1 branch of the dungeon, and saw 2 of its levels.

You collected 49 gold pieces.

Inventory:

Hand Weapons
 a - a +1 dagger (melded)
Armour
 b - a +1 robe (melded)
Jewellery
 g - an uncursed amulet of rage
Scrolls
 h - a scroll of magic mapping {unknown}
 i - a scroll of recharging {unknown}
 j - a scroll of amnesia {unknown}
 k - 2 scrolls of fear {unknown}
 m - a scroll of identify {unknown}
 n - a scroll of noise {unknown}
 o - a scroll of blinking {unknown}
Potions
 d - 2 potions of blood
 e - a potion of degeneration {unknown}
 f - 2 potions of heal wounds {unknown}
 l - a potion of brilliance {unknown}
Books
 c - a book of Maledictions

   Spells                             Type                      Level
   a - Corona                         Hexes                        1
   b - Ensorcelled Hibernation        Hexes/Ice                    2
   c - Confuse                        Hexes                        3
   d - Tukima's Dance                 Hexes                        3
   e - Dazzling Spray                 Conjuration/Hexes            3


   Skills:
 - Level 1.1 Short Blades
 - Level 2.1 Dodging
 * Level 7.5 Stealth
 - Level 2.0 Spellcasting
 + Level 4.4 Hexes


You had 4 spell levels left.
You knew the following spells:

 Your Spells              Type           Power        Failure   Level  Hunger
a - Corona                Hex            ###....      3%          1    #......
b - Ensorcelled Hibernat  Hex/Ice        #.....       12%         2    ###....


Dungeon Overview and Level Annotations

Branches:
Dungeon (2/15)

Altars:

Annotations:
D:2 Natasha


Innate Abilities, Weirdness & Mutations

You heal slowly.
You have razor-sharp teeth.
You have supernaturally acute eyesight. (SInv)
((You can survive without breathing.))


Message History

You barely miss Natasha.
Natasha is severely wounded.
The crimson imp hits you. The white imp closely misses you.
Natasha barely misses you.
You hit Natasha.
Natasha is almost dead.
Natasha stops glowing.
The crimson imp closely misses you. The white imp closely misses you.
Natasha claws you!
* * * LOW HITPOINT WARNING * * *
Natasha howls an incantation.
Natasha shimmers violently.
The white imp barely misses you.
There is a stone staircase leading up here.
The crimson imp grinds its teeth.
The crimson imp blinks!
You turn into a vampire bat.
Your +1 dagger melds into your body.
Your +1 robe melds into your body.
Natasha stares at you and mumbles some strange words.
The magic dart hits you!
You die...

#.##.##.##.# #.......######..
#..........# ####.#### ### #...#
#######.# #...# #.......#
#####...#####.####..#
##...........#.####..#
...........h5h.##....#..
##...........#.#.......#
#####...#####.b....#..# #...#
#.#..###..# #...# #5#...##..#
#...# #.........#
####.########.#.##.##########
#........# #......##.......# .
#..#.#...# ###.##......###.#
#.#..#.#...######.##.##.#.###.#
.........................#......


You could see Natasha, a crimson imp and a white imp.

Vanquished Creatures
  Natasha (D:2)
  An adder (D:2)
  An ooze (D:1)
  A worm (D:2)
  A leopard gecko (D:1)
  2 ball pythons (D:1)
  6 bats (D:1)
  2 giant cockroaches (D:1)
  3 hobgoblins (D:1)
  A frilled lizard (D:2)
  3 goblins (D:1)
  2 kobolds (D:1)
  2 rats (D:1)
26 creatures vanquished.

Notes
Turn   | Place    | Note
-------+----------+-------------------------------------------
     0 | D:1      | esteth the Vampire Enchanter began the quest for the Orb.
     0 | D:1      | Reached XP level 1. HP: 13/13 MP: 3/3
   152 | D:1      | Reached skill level 5 in Stealth
   152 | D:1      | Reached XP level 2. HP: 11/19 MP: 5/5
   596 | D:1      | Reached skill level 6 in Stealth
  1092 | D:1      | Reached XP level 3. HP: 24/24 MP: 6/6
  1129 | D:2      | Noticed Natasha
  1134 | D:2      | Killed Natasha
  1134 | D:2      | Reached skill level 7 in Stealth
  1210 | D:2      | Reached XP level 4. HP: 25/30 MP: 7/7
  1217 | D:2      | Learned a level 2 spell: Ensorcelled Hibernation
  1298 | D:2      | Noticed Natasha
  1322 | D:2      | Killed from afar by Natasha

Skill      XL: |  1  2  3 |
---------------+----------+-----
Stealth        | 5 6 7 |  7.5
Short Blades   | |  1.1
Dodging        | |  2.1
Spellcasting   | |  2.0
Hexes          | |  4.4

Action                   |  1- 3 |  4- 6 || total
-------------------------+-------+-------++-------
Melee: Dagger            |    64 |     9 ||    73
       Bite              |     4 |       ||     4
 Cast: Corona            |       |     2 ||     2
 Abil: Bat Form          |       |     1 ||     1
 Stab: Sleeping          |    14 |       ||    14
       Distracted        |     1 |       ||     1
Armor: Robe              |    11 |     2 ||    13
Dodge: Dodged            |    37 |    10 ||    47
